TOP OF THE 1ST |
Charleston RiverDogs batting - Pitching for Lansing Lugnuts : RHP Josh Weinmann
|
Pitching: RHP Josh Weinmann
|
|
Batting: LHB Justin O'Neal
|
0-0: Called Strike 0-1: Ball 1-1: Called Strike 1-2: Ball 2-2: Ground out 6-3 (Groundball, 6, EV 89.4 MPH)
|
Batting: SHB Corey Penson
|
0-0: Foul Ball, location: 2F 0-1: Called Strike 0-2: Ball 1-2: Foul Ball, location: 2F 1-2: Ball 2-2: Foul Ball, location: 2F 2-2: Strikes out looking
|
Batting: LHB Steve LeGrand
|
0-0: Called Strike 0-1: Foul Ball, location: 2F 0-2: Ball 1-2: Ball 2-2: Fly out, F8 (Line Drive, 8LM, EV 90.0 MPH)
|
Top of the 1st over - 0 runs, 0 hits, 0 errors, 0 left on base; Charleston 0 - Lansing 0 |
BOTTOM OF THE 1ST |
Lansing Lugnuts batting - Pitching for Charleston RiverDogs : RHP Tim Honaker
|
Pitching: RHP Tim Honaker
|
|
Batting: LHB Timo Gomez
|
0-0: Called Strike 0-1: Ball 1-1: Ball 2-1: Ball 3-1: Fly out, F4 (Popup, 4MD, EV 68.8 MPH)
|
Batting: LHB Frank Nelson
|
0-0: Swinging Strike 0-1: Foul Ball, location: 2F 0-2: Fly out, F9 (Flyball, 89M, EV 76.2 MPH)
|
Batting: RHB Raul de la Cruz
|
0-0: Ground out 5-3 (Groundball, 5S, EV 86.9 MPH)
|
Bottom of the 1st over - 0 runs, 0 hits, 0 errors, 0 left on base; Charleston 0 - Lansing 0 |
TOP OF THE 2ND |
Charleston RiverDogs batting - Pitching for Lansing Lugnuts : RHP Josh Weinmann
|
Batting: LHB Ernesto Abreu
|
0-0: Called Strike 0-1: Called Strike 0-2: Foul Ball, location: 2F 0-2: Strikes out swinging
|
Batting: RHB Iften Olujimi
|
0-0: Ball 1-0: Ball 2-0: Ball 3-0: Base on Balls
|
Batting: RHB Jonathan Iniguez
|
0-0: Foul Ball, location: 2F 0-1: Called Strike 0-2: Ball 1-2: Foul Ball, location: 2F 1-2: Ball 2-2: Strikes out swinging
|
Batting: RHB Mike Zern
|
0-0: Foul Ball, location: 2F 0-1: Swinging Strike 0-2: Ball 1-2: Strikes out swinging
|
Top of the 2nd over - 0 runs, 0 hits, 0 errors, 1 left on base; Charleston 0 - Lansing 0 |
BOTTOM OF THE 2ND |
Lansing Lugnuts batting - Pitching for Charleston RiverDogs : RHP Tim Honaker
|
Batting: RHB John Michener
|
0-0: Called Strike 0-1: Ball 1-1: Ball 2-1: Ground out 6-3 (Groundball, 6, EV 97.5 MPH)
|
Batting: RHB John Hering
|
0-0: Ground out U3 (Groundball, 34, EV 87.5 MPH)
|
Batting: SHB Gregg Whitecotton
|
0-0: Ball 1-0: Called Strike 1-1: Foul Ball, location: 2F 1-2: Ball 2-2: Foul Ball, location: 2F 2-2: Fly out, F4 (Line Drive, 4M, EV 66.2 MPH)
|
Bottom of the 2nd over - 0 runs, 0 hits, 0 errors, 0 left on base; Charleston 0 - Lansing 0 |
TOP OF THE 3RD |
Charleston RiverDogs batting - Pitching for Lansing Lugnuts : RHP Josh Weinmann
|
Batting: RHB Matt Alderson
|
0-0: Called Strike 0-1: Ball 1-1: Ball 2-1: Swinging Strike 2-2: Ball 3-2: Ground out 4-3 (Groundball, 4, EV 86.9 MPH)
|
Batting: RHB Louwe Starmans
|
0-0: Called Strike 0-1: Ball 1-1: Called Strike 1-2: Strikes out swinging
|
Batting: LHB Justin O'Neal
|
0-0: Called Strike 0-1: SINGLE (Groundball, 34D, EV 88.1 MPH) (infield hit)
|
Batting: SHB Corey Penson
|
0-0: Ball 1-0: Swinging Strike 1-1: Foul Ball, location: 2F 1-2: Foul Ball, location: 2F 1-2: Strikes out swinging
|
Top of the 3rd over - 0 runs, 1 hit, 0 errors, 1 left on base; Charleston 0 - Lansing 0 |
BOTTOM OF THE 3RD |
Lansing Lugnuts batting - Pitching for Charleston RiverDogs : RHP Tim Honaker
|
Batting: RHB Scott Travis
|
0-0: Called Strike 0-1: Swinging Strike 0-2: Strikes out looking
|
Batting: LHB Roger Escareno
|
0-0: Fly out, F9 (Flyball, 9, EV 87.5 MPH)
|
Batting: RHB Shunsuke Shiba Inu
|
0-0: Ball 1-0: Ground out 5-3 (Groundball, 5, EV 83.1 MPH)
|
Bottom of the 3rd over - 0 runs, 0 hits, 0 errors, 0 left on base; Charleston 0 - Lansing 0 |
TOP OF THE 4TH |
Charleston RiverDogs batting - Pitching for Lansing Lugnuts : RHP Josh Weinmann
|
Batting: LHB Steve LeGrand
|
0-0: Foul Ball, location: 2F 0-1: Swinging Strike 0-2: Strikes out looking
|
Batting: LHB Ernesto Abreu
|
0-0: Called Strike 0-1: Ball 1-1: Called Strike 1-2: Foul Ball, location: 2F 1-2: Strikes out swinging
|
Batting: RHB Iften Olujimi
|
0-0: Ball 1-0: Foul Ball, location: 2F 1-1: Swinging Strike 1-2: Strikes out swinging, 2-3 out at first.
|
Top of the 4th over - 0 runs, 0 hits, 0 errors, 0 left on base; Charleston 0 - Lansing 0 |
BOTTOM OF THE 4TH |
Lansing Lugnuts batting - Pitching for Charleston RiverDogs : RHP Tim Honaker
|
Batting: LHB Timo Gomez
|
0-0: Ball 1-0: Foul Ball, location: 2F 1-1: Called Strike 1-2: Ball 2-2: Foul Ball, location: 2F 2-2: Ground out 5-3 (Groundball, 5L, EV 85.6 MPH)
|
Batting: LHB Frank Nelson
|
0-0: Called Strike 0-1: Fly out, F8 (Flyball, 8LXD, EV 88.1 MPH)
|
Batting: RHB Raul de la Cruz
|
0-0: Foul Ball, location: 2F 0-1: Called Strike 0-2: Ball 1-2: Ball 2-2: Ball 3-2: Base on Balls
|
Batting: RHB John Michener
|
0-0: Called Strike Raul de la Cruz steals 2nd base (no throw) 0-1: Ball 1-1: Ground out 6-3 (Groundball, 6MS, EV 93.1 MPH)
|
Bottom of the 4th over - 0 runs, 0 hits, 0 errors, 1 left on base; Charleston 0 - Lansing 0 |
TOP OF THE 5TH |
Charleston RiverDogs batting - Pitching for Lansing Lugnuts : RHP Josh Weinmann
|
Batting: RHB Jonathan Iniguez
|
0-0: Ball 1-0: Called Strike 1-1: Ball 2-1: Called Strike 2-2: Strikes out looking and he ARGUES THE CALL AND IS TOSSED!
|
Batting: RHB Mike Zern
|
0-0: Called Strike 0-1: Ball 1-1: Ball 2-1: Foul Ball, location: 2F 2-2: SINGLE (Flyball, 34D, EV 88.8 MPH)
|
Batting: RHB Matt Alderson
|
0-0: Swinging Strike 0-1: Swinging Strike 0-2: Foul Ball, location: 2F 0-2: Ball 1-2: Strikes out swinging
|
Batting: RHB Louwe Starmans
|
0-0: Foul Ball, location: 2F 0-1: Foul Ball, location: 2F 0-2: Ball Wild Pitch! Mike Zern to second 1-2: Ball 2-2: Fly out, F8 (Flyball, 8RM, EV 92.5 MPH)
|
Top of the 5th over - 0 runs, 1 hit, 0 errors, 1 left on base; Charleston 0 - Lansing 0 |
BOTTOM OF THE 5TH |
Lansing Lugnuts batting - Pitching for Charleston RiverDogs : RHP Tim Honaker
|
Now in CF: Marc Durgin
|
|
Batting: RHB John Hering
|
0-0: Called Strike 0-1: Swinging Strike 0-2: Ball 1-2: SINGLE (Groundball, 34D, EV 100.6 MPH)
|
Batting: SHB Gregg Whitecotton
|
0-0: Grounds into double play, 6-4-3 (Groundball, 6, EV 80.6 MPH)
|
Batting: RHB Scott Travis
|
0-0: Ball 1-0: SINGLE (Groundball, 5S, EV 62.5 MPH) (infield hit)
|
Batting: LHB Roger Escareno
|
0-0: Called Strike 0-1: DOUBLE (Line Drive, 7LS, EV 105.6 MPH) Scott Travis to third
|
Batting: RHB Shunsuke Shiba Inu
|
0-0: Ball 1-0: Fly out, F8 (Flyball, 8LXD, EV 99.4 MPH)
|
Bottom of the 5th over - 0 runs, 3 hits, 0 errors, 2 left on base; Charleston 0 - Lansing 0 |
TOP OF THE 6TH |
Charleston RiverDogs batting - Pitching for Lansing Lugnuts : RHP Josh Weinmann
|
Batting: LHB Justin O'Neal
|
0-0: Ball 1-0: SOLO HOME RUN (Flyball, 89XD, EV 99.4 MPH), Distance : 395 ft
|
Batting: SHB Corey Penson
|
0-0: Ball 1-0: Ball 2-0: Swinging Strike 2-1: Ball 3-1: SINGLE (Groundball, 6M, EV 95.0 MPH)
|
Batting: LHB Steve LeGrand
|
0-0: Ball 1-0: Foul Ball, location: 2F 1-1: Swinging Strike 1-2: SINGLE (Groundball, 34D, EV 105.6 MPH) Corey Penson to second Runner from 2nd tries for 3rd, SAFE, throw by RF made to third
|
Batting: LHB Ernesto Abreu
|
0-0: Ball 1-0: Ball 2-0: Ball 3-0: Base on Balls Steve LeGrand to second
|
Batting: RHB Iften Olujimi
|
0-0: Foul Ball, location: 2F 0-1: Fly out, F4 (Popup, 13, EV 90.0 MPH)
|
Batting: LHB Marc Durgin
|
0-0: Fielders Choice at 2nd, 4-6 (Groundball, 4M, EV 100.0 MPH) Corey Penson scores Steve LeGrand to third
|
Batting: RHB Mike Zern
|
0-0: Ball 1-0: Ball 2-0: Foul Ball, location: 2F 2-1: Fly out, F8 (Flyball, 78M, EV 98.1 MPH)
|
Top of the 6th over - 2 runs, 3 hits, 0 errors, 2 left on base; Charleston 2 - Lansing 0 |
BOTTOM OF THE 6TH |
Lansing Lugnuts batting - Pitching for Charleston RiverDogs : RHP Tim Honaker
|
Batting: LHB Timo Gomez
|
0-0: Foul Ball, location: 2F 0-1: Ball 1-1: Swinging Strike 1-2: Ball 2-2: Strikes out swinging
|
Batting: LHB Frank Nelson
|
0-0: Foul Ball, location: 2F 0-1: Foul Ball, location: 2F 0-2: SOLO HOME RUN (Line Drive, 7D, EV 103.1 MPH), Distance : 380 ft
|
Batting: RHB Raul de la Cruz
|
0-0: Ball 1-0: Foul Ball, location: 2F 1-1: Ground out 6-3 (Groundball, 6, EV 91.2 MPH)
|
Batting: RHB John Michener
|
0-0: Ball 1-0: Ball 2-0: SINGLE (Groundball, 56D, EV 98.1 MPH)
|
Batting: RHB John Hering
|
0-0: Foul Ball, location: 2F 0-1: Ball John Michener steals 2nd base 1-1: DOUBLE (Line Drive, 89XD, EV 102.5 MPH) John Michener scores
|
Batting: SHB Gregg Whitecotton
|
0-0: Ball 1-0: Foul Ball, location: 2F 1-1: Fly out, F8 (Flyball, 8RM, EV 85.0 MPH)
|
Bottom of the 6th over - 2 runs, 3 hits, 0 errors, 1 left on base; Charleston 2 - Lansing 2 |
TOP OF THE 7TH |
Charleston RiverDogs batting - Pitching for Lansing Lugnuts : RHP Josh Weinmann
|
Pitching: RHP Ron Kehoe
|
|
Batting: RHB Matt Alderson
|
0-0: Called Strike 0-1: Swinging Strike 0-2: Ball 1-2: Ball 2-2: Strikes out swinging
|
Pinch Hitting: LHB Jeremiah Walker
|
0-0: Ground out 6-3 (Groundball, 6S, EV 61.9 MPH)
|
Batting: LHB Justin O'Neal
|
0-0: Called Strike 0-1: Foul Ball, location: 2F 0-2: Fly out, F3 (Popup, 3L, EV 61.2 MPH)
|
Top of the 7th over - 0 runs, 0 hits, 0 errors, 0 left on base; Charleston 2 - Lansing 2 |
BOTTOM OF THE 7TH |
Lansing Lugnuts batting - Pitching for Charleston RiverDogs : RHP Tim Honaker
|
Now at 3B: Lorenzo Vasquez
|
|
Batting: RHB Scott Travis
|
0-0: Ball 1-0: Called Strike 1-1: Ball 2-1: Swinging Strike 2-2: Strikes out swinging
|
Batting: LHB Roger Escareno
|
0-0: Ground out 4-3 (Groundball, 4, EV 87.5 MPH)
|
Batting: RHB Shunsuke Shiba Inu
|
0-0: Foul Ball, location: 2F 0-1: Ball 1-1: Ball 2-1: Swinging Strike 2-2: Ground out 5-3 (Groundball, 56, EV 95.0 MPH)
|
Bottom of the 7th over - 0 runs, 0 hits, 0 errors, 0 left on base; Charleston 2 - Lansing 2 |
TOP OF THE 8TH |
Charleston RiverDogs batting - Pitching for Lansing Lugnuts : RHP Ron Kehoe
|
Batting: SHB Corey Penson
|
0-0: Foul Ball, location: 2F 0-1: Ball 1-1: Ball 2-1: Foul Ball, location: 2F 2-2: SINGLE (Line Drive, 78S, EV 98.1 MPH)
|
Batting: LHB Steve LeGrand
|
0-0: Foul Ball, location: 2F 0-1: Ball 1-1: Foul Ball, location: 2F 1-2: Ball 2-2: Ball 3-2: Base on Balls Corey Penson to second
|
Pinch Runner at 2nd Francisco Vargas:
|
|
Batting: LHB Ernesto Abreu
|
0-0: Ball 1-0: Fielders Choice at 2nd, 3-6 (Groundball, 13, EV 89.4 MPH) Francisco Vargas to third
|
Batting: RHB Iften Olujimi
|
0-0: Ball 1-0: Ball 2-0: Ball 3-0: Called Strike 3-1: Foul Ball, location: 2F 3-2: Foul Ball, location: 2F 3-2: Base on Balls Ernesto Abreu to second
|
Batting: LHB Marc Durgin
|
0-0: SINGLE (Groundball, 4MD, EV 106.9 MPH) Francisco Vargas scores Ernesto Abreu to third Iften Olujimi to second Runner from 3rd tries for Home, throw by CF and OUT! 8-2
|
Batting: RHB Mike Zern
|
0-0: Called Strike 0-1: Ball 1-1: Ground out 6-3 (Groundball, 56, EV 100.6 MPH)
|
Top of the 8th over - 1 run, 2 hits, 0 errors, 2 left on base; Charleston 3 - Lansing 2 |
BOTTOM OF THE 8TH |
Lansing Lugnuts batting - Pitching for Charleston RiverDogs : RHP Tim Honaker
|
Now at 1B: Francisco Aguayo
|
|
Batting: LHB Timo Gomez
|
0-0: Fly out, F6 (Popup, 6M, EV 63.1 MPH)
|
Batting: LHB Frank Nelson
|
0-0: Foul Ball, location: 2F 0-1: Called Strike 0-2: Ground out U3 (Groundball, 3, EV 90.0 MPH)
|
Batting: RHB Raul de la Cruz
|
0-0: Ball 1-0: Ground out 6-3 (Groundball, 6, EV 86.9 MPH)
|
Bottom of the 8th over - 0 runs, 0 hits, 0 errors, 0 left on base; Charleston 3 - Lansing 2 |
TOP OF THE 9TH |
Charleston RiverDogs batting - Pitching for Lansing Lugnuts : RHP Ron Kehoe
|
Pitching: LHP Josh Black
|
|
Batting: RHB Matt Alderson
|
0-0: Ball 1-0: Ball 2-0: Ball 3-0: Base on Balls
|
Batting: RHB Lorenzo Vasquez
|
0-0: Swinging Strike 0-1: Ball 1-1: Ball 2-1: Foul Ball, location: 2F 2-2: SINGLE (Groundball, 56D, EV 103.8 MPH) Matt Alderson to second
|
Pinch Runner at 2nd John Sprenkel:
|
|
Batting: LHB Justin O'Neal
|
0-0: Bunt missed! 0-1: Bunt missed! 0-2: Ball 1-2: Ball 2-2: Strikes out swinging
|
Batting: RHB Francisco Aguayo
|
0-0: Called Strike 0-1: Grounds into double play, 3-6-3 (Groundball, 34, EV 88.1 MPH)
|
Top of the 9th over - 0 runs, 1 hit, 0 errors, 1 left on base; Charleston 3 - Lansing 2 |
|